 Dungeon Crawl Stone Soup version 0.31-a0-983-g7b6862f502 (webtiles) character file.

Game seed: 10301134985369911379

249 billz999 the Ruffian (level 5, -3/50 HPs)
             Began as a Troll Fighter on Nov 3, 2023.
             Was an Initiate of Okawaru.
             Succumbed to a gnoll sergeant's poison
             ... on level 4 of the Dungeon.
             The game lasted 00:03:49 (2057 turns).

billz999 the Ruffian (Troll Fighter)                Turns: 2057, Time: 00:03:50

Health: -3/50      AC:  6    Str: 26    XL:     5   Next: 86%
Magic:  4/4        EV:  9    Int:  4    God:    Okawaru [......]
Gold:   114        SH:  8    Dex:  9    Spells: 4/4 levels left

rFire   . .          .
                       - Unarmed
rCold   + . .        b - +0 kite shield
rNeg    + . .        m - +2 robe {rN+}
rPois   .            (helmet restricted)
rElec   .            (no cloak)
rCorr   .            (gloves unavailable)
SInv    .            (boots unavailable)
Will    .....        (no amulet)
Stlth   +            f - ring of protection from cold
HPRegen 1.08/turn    (no ring)
MPRegen 0.09/turn

%: no passive effects
@: lethally poisoned (-3 -> -26)
A: large, unfitting armour, claws 3, regeneration 1, shaggy fur 1, tough skin 1
a: Renounce Religion


You were on level 4 of the Dungeon.
You worshipped Okawaru.
Okawaru was noncommittal.
You visited 2 branches of the dungeon, and saw 7 of its levels.

You collected 114 gold pieces.

Inventory:

Missiles
 j - 14 stones (quivered)
Armour
 a - a +0 robe
 b - a +0 kite shield (worn)
 h - an orb of light
 m - a +2 robe of positive energy (worn)
Jewellery
 f - a ring of protection from cold (left claw)
Talismans
 k - a serpent talisman
Wands
 o - a wand of flame (15)
Scrolls
 d - a scroll of blinking {unknown}
 e - 2 scrolls of fear {unknown}
 i - 2 scrolls of noise {unknown}
 l - a scroll of torment {unknown}
Potions
 c - 2 potions of might
 g - a potion of ambrosia {unknown}
 n - a potion of mutation {unknown}


   Skills:
 - Level 2.4 Fighting
 - Level 2.4 Dodging
 + Level 4.0 Shields
 * Level 5.2 Unarmed Combat


You had 4 spell levels left.
You didn't know any spells.
Your spell library contained the following spells:

 Spells                   Type           Power      Damage    Failure   Level
 Kiss of Death            Conj/Necr      0%         2d5       75%         1
 Magic Dart               Conj           0%         1d3       75%         1
 Poisonous Vapours        Pois/Air       0%         N/A       86%         2
 Searing Ray              Conj           0%         2d4       86%         2
 Confusing Touch          Hex            0%         N/A       98%         3
 Mephitic Cloud           Conj/Pois/Air  0%         N/A       98%         3
 Dispel Undead            Necr           0%         3d6       100%        4
 Fulminant Prism          Conj/Hex       0%         3d5       100%        4
 Freezing Cloud           Conj/Ice/Air   0%         6-21      100%        5


Dungeon Overview and Level Annotations

Branches:
Dungeon (6/15)             Temple (1/1) D:6

Altars:
Ashenzari
Cheibriados
Dithmenos
Fedhas
Hepliaklqana
Nemelex Xobeh
Okawaru
Qazlal
Ru
Trog
Uskayaw
Yredelemnul
Zin
The Shining One

Annotations:
D:6 Jeremiah


Innate Abilities, Weirdness & Mutations

You are too large for most types of armour.
You have claws for hands.
Your natural rate of healing is unusually fast.
You are covered in fur. (AC +1)
You have tough skin. (AC +1)


Message History

Okawaru accepts your kill.
Your Shields skill increases to level 4!
You scratch the gnoll but do no damage. The gnoll hits you but does no damage.
You closely miss the gnoll. The gnoll hits you with a +0 whip.
The gnoll sergeant hits you from afar with a +0 trident of venom.
You are poisoned.
You barely miss the gnoll.
You feel very sick.
The gnoll shouts!
You hear a shout!
The gnoll hits you with a +0 whip. The gnoll sergeant closely misses you.
You claw the gnoll!
The gnoll is severely wounded.
You feel sick. The gnoll hits you with a +0 whip.
The gnoll sergeant completely misses you.
You scratch the gnoll.
You kill the gnoll!
Okawaru accepts your kill.
You feel sick.
The gnoll sergeant hits you from afar with a +0 trident of venom.
You are more poisoned.
You claw the gnoll!
You kill the gnoll!
Okawaru accepts your kill.
You feel very sick. The gnoll sergeant misses you.
You barely miss the orc wizard.
You feel very sick.
The gnoll sergeant hits you from afar with a +0 trident of venom.
You are more poisoned.
The orc wizard points at you and mumbles some strange words.
The magic dart hits you. The gnoll barely misses you.
* * * LOW HITPOINT WARNING * * *
You feel very sick.
The gnoll sergeant hits you from afar with a +0 trident of venom!
* * * LOW HITPOINT WARNING * * *
You are more poisoned.
The orc wizard hits you but does no damage.
You block the gnoll's attack. A mysterious force pulls you upwards.
The hatch slams shut behind you.
You die...

#### ....
#..# #..#
#..#
.######..#
.......@.#
.....###o#
### ... #
.### .# ##


You could see an orc wizard.

Vanquished Creatures
  A black bear (D:5)
  3 gnolls (D:5)
  6 adders
  A worm (D:2)
  A dart slug (D:2)
  An orc (D:5)
  5 bats (D:2)
  6 endoplasms
  2 giant cockroaches
  5 goblins
  7 hobgoblins
  7 jackals
  3 quokkas
  3 ball pythons
  4 frilled lizards
  A kobold (D:1)
  7 rats
63 creatures vanquished.

Notes
Turn   | Place    | Note
-------+----------+-------------------------------------------
     0 | D:1      | billz999 the Troll Fighter began the quest for the Orb.
     0 | D:1      | Reached XP level 1. HP: 22/22 MP: 0/0
   107 | D:1      | Reached XP level 2. HP: 29/29 MP: 1/1
   273 | D:1      | Reached skill level 3 in Unarmed Combat
   748 | D:2      | Reached XP level 3. HP: 36/36 MP: 2/2
  1087 | D:2      | Reached XP level 4. HP: 44/44 MP: 3/3
  1718 | D:3      | Reached skill level 4 in Unarmed Combat
  1910 | D:3      | You fall into a shaft and drop 3 floors!
  1910 | D:6      | Found a staircase to the Ecumenical Temple.
  1931 | Temple   | Entered the Ecumenical Temple
  1975 | Temple   | Became a worshipper of Warmaster Okawaru
  2005 | D:6      | Noticed a black bear
  2006 | D:6      | Noticed Jeremiah
  2012 | D:5      | Entered Level 5 of the Dungeon
  2012 | D:5      | Noticed a gnoll sergeant
  2015 | D:5      | Killed a black bear
  2016 | D:5      | Reached skill level 5 in Unarmed Combat
  2016 | D:5      | Reached XP level 5. HP: 47/50 MP: 4/4
  2056 | D:5      | HP: 2/50 [gnoll sergeant/+0 trident of venom (10)]
  2057 | D:4      | Succumbed to a gnoll sergeant's poison

Illustrated notes

Levels and vault maps discovered:
D:1:      saegor_arrival_simple_a, layout_loops_ring, st_stairs_11,
          amcnicky_mini_pool_small
D:2:      layout_basic, minmay_domino_4
D:3:      layout_loops_cross
D:4:      nicolae_cairo_tiling, layout_basic, nicolae_gozag_seed_capital,
          hellmonk_ghost_happy_afterlife
D:5:      layout_rooms, grunt_temple_overflow_diamond, saegor_snake_ambush,
          uniq_prince_ribbit1, uniq_crazy_yiuf_cottage
D:6:      layout_cave_pools, temple_doors_ab, uniq_jeremiah, uniq_sigmund
Temple:   eino_temple_water

Skill      XL: |  1  2  3  4  5 |
---------------+----------------+-----
Unarmed Combat | 3 5 |  5.2
Shields        | 3 4 |  4.0
Fighting       | |  2.4
Dodging        | |  2.4

Action                     |  1- 3 |  4- 6 || total
---------------------------+-------+-------++-------
  Melee: Unarmed           |   121 |    80 ||   201
  Throw: Stone             |     3 |     1 ||     4
 Armour: Robe              |    62 |    42 ||   104
  Dodge: Dodged            |    42 |    24 ||    66
  Block: Kite shield       |    37 |    36 ||    73

Table legend: (Time is in decaauts)
 A = Elapsed time spent in this place.
 B = Non-inter-level travel time spent in this place.
 C = Inter-level travel time spent in this place.
 D = Time resting spent in this place.
 E = Time spent auto-exploring this place.
 F = Levels seen in this place.
 G = Mean time per level.
                   A        B        C        D        E       F      G
               +--------+--------+--------+--------+--------+-----+--------+
         Total |   2067 |   1937 |    130 |      6 |   1418 |   7 |  295.3 |
       Dungeon |   2005 |   1892 |    113 |      6 |   1418 |   6 |  334.2 |
        Temple |     61 |     44 |     17 |      0 |      0 |   1 |   61.0 |
               +--------+--------+--------+--------+--------+-----+--------+

Top non-repeatable levels by time:
     D:2: 1018 daAuts
     D:1: 676 daAuts
     D:3: 226 daAuts
  Temple: 61 daAuts
     D:5: 44 daAuts
     D:6: 40 daAuts
